 Dungeon Crawl Stone Soup version 0.19.0-11-g3fc08b3 (webtiles) character file.

478 kengeki the Chopper (level 7, -3/62 HPs)
             Began as a Hill Orc Fighter on Nov 8, 2016.
             Slain by Pikel
             ... wielding a +2 whip of flaming
              (7 damage)
             ... on level 4 of the Dungeon on Nov 9, 2016.
             The game lasted 00:29:50 (3093 turns).

kengeki the Chopper (Hill Orc Fighter)              Turns: 3093, Time: 00:29:51

Health: -3/62      AC:  7    Str: 20 (21) XL:     7   Next: 11%
Magic:  7/7        EV:  7    Int:  6 (8)  God:
Gold:   120        SH:  9    Dex: 10 (12) Spells: 0 memorised, 6 levels left

rFire  . . .     SeeInvis .     a - +0 war axe
rCold  . . .     Gourm    .     b - +0 scale mail
rNeg   . . .     Faith    .     c - +0 shield
rPois  .         Spirit   .     (no helmet)
rElec  .         Reflect  .     (no cloak)
rCorr  .         Harm     .     (no gloves)
MR     .....                    (no boots)
Stlth  ..........               (no amulet)
                                (no ring)
                                n - ring of flight

@: no status effects
A: agile 1, screaming 1
a: Evoke Flight


You were on level 4 of the Dungeon.
You were hungry.

You visited 1 branch of the dungeon, and saw 4 of its levels.

You collected 120 gold pieces.

Inventory:

Hand Weapons
 a - a +0 war axe (weapon)
Missiles
 r - 34 arrows
Armour
 b - a +0 scale mail (worn)
 c - a +0 shield (worn)
Jewellery
 n - a ring of flight (left hand)
Wands
 q - a wand of acid (0/15)
Scrolls
 d - a scroll of fog
 v - a scroll of remove curse
Potions
 h - 2 potions of flight
 t - a potion of curing
Comestibles
 f - 3 bread rations
 o - a meat ration
 p - a beef jerky


   Skills:
 + Level 5.8 Fighting
 + Level 6.7 Axes
 + Level 5.3 Armour
 - Level 3.2 Shields


You had 6 spell levels left.
You didn't know any spells.

Dungeon Overview and Level Annotations

Branches:
Dungeon (4/15)
 Temple: D:4-7

Altars:
Ashenzari
Fedhas
Nemelex Xobeh
Trog
Uskayaw
Vehumet
Xom

Annotations:
D:4 Pikel, Sigmund


Innate Abilities, Weirdness & Mutations

You are agile. (Dex +2)
You occasionally shout uncontrollably at your foes.


Message History

Pikel burns you.
* * * LOW HITPOINT WARNING * * *
The slave hits you but does no damage. x2
Unknown command.
You slash the slave!
You kill the slave!
That felt strangely unrewarding.
You closely miss the slave. You slash Pikel! Pikel hits you but does no damage.
The slave hits you but does no damage.
You hit the slave.
The slave is lightly wounded.
Your shield and scale mail prevent you from hitting Pikel.
You barely miss the slave. Pikel hits you but does no damage.
The slave hits you.
* * * LOW HITPOINT WARNING * * *
The slave hits you.
* * * LOW HITPOINT WARNING * * *
You hit the slave.
The slave is heavily wounded.
You hit Pikel. You hit the slave. Pikel hits you with a whip of flaming!
You die...

..#### #######.## ..<...
#.........
......####.#####.##
..........o....h.#
...$.##.########
...K##.#
#+#####.##.######
#######.##K.............
.......pp@p##.##.#####.#
######.#####.#.... ...
#...####.##.#####.#
#...p..p.......##.#
#.#.###..##.#####.#
#.#.# #..##.....#.#
#.#.# #..##.###.#.###
..... ...............
#.#.###..##.###.#....


You could see Pikel and 3 slaves.

Vanquished Creatures
  Grinder (D:3)
  The ghost of kilppis the Cudgeler, an amateur OgBe of Trog (D:3)
  A slave (D:4)
  A worker ant (D:4)
  4 adders
  2 oozes
  A worm (D:2)
  A dart slug (D:3)
  A leopard gecko (D:1)
  5 orcs (D:3)
  4 giant cockroaches
  12 goblins
  10 hobgoblins
  11 jackals
  10 kobolds
  A quokka (D:2)
  11 bats
  4 frilled lizards
  5 rats
86 creatures vanquished.

Notes
Turn   | Place    | Note
-------+----------+-------------------------------------------
     0 | D:1      | kengeki the Hill Orc Fighter began the quest for the Orb.
     0 | D:1      | Reached XP level 1. HP: 19/19 MP: 1/1
    69 | D:1      | Reached skill level 3 in Axes
   101 | D:1      | Reached XP level 2. HP: 25/27 MP: 2/2
   557 | D:1      | Reached XP level 3. HP: 33/33 MP: 3/3
   744 | D:1      | Reached skill level 4 in Axes
  1091 | D:2      | Reached XP level 4. HP: 40/40 MP: 4/4
  1246 | D:2      | Found a sparkling altar of Nemelex Xobeh.
  1416 | D:2      | Found a shattered altar of Ashenzari.
  1947 | D:3      | Found a radiant altar of Vehumet.
  1970 | D:3      | Reached skill level 5 in Axes
  2120 | D:3      | Reached XP level 5. HP: 47/47 MP: 5/5
  2163 | D:3      | Found a bloodstained altar of Trog.
  2240 | D:3      | Noticed kilppis's ghost (amateur OgBe)
  2499 | D:3      | Noticed Grinder
  2504 | D:3      | Killed Grinder
  2504 | D:3      | Reached skill level 5 in Fighting
  2504 | D:3      | Reached skill level 6 in Axes
  2504 | D:3      | Reached XP level 6. HP: 56/56 MP: 6/6
  2517 | D:3      | Reached skill level 5 in Armour
  2553 | D:4      | Found a blossoming altar of Fedhas.
  2553 | D:4      | Found a hide-covered altar of Uskayaw.
  2553 | D:4      | Found a shimmering altar of Xom.
  2567 | D:4      | Noticed Sigmund
  2588 | D:4      | Gained mutation: You are agile. (Dex +2) [potion of mutation]
  2588 | D:4      | Gained mutation: You occasionally shout uncontrollably at your foes. [potion of mutation]
  2612 | D:4      | Noticed Pikel
  2613 | D:4      | Noticed a slave
  2615 | D:4      | Noticed a slave
  2618 | D:4      | Noticed a slave
  2622 | D:4      | Noticed a slave
  3027 | D:3      | Killed kilppis's ghost
  3027 | D:3      | Reached XP level 7. HP: 28/62 MP: 7/7
  3093 | D:4      | Slain by Pikel

Skill      XL: |  1  2  3  4  5  6 |
---------------+-------------------+-----
Axes           | 3 4 5 6 |  6.7
Fighting       | 4 5 |  5.8
Armour         | 4 5 |  5.3
Shields        | |  3.2

Action                   |  1- 3 |  4- 6 |  7- 9 || total
-------------------------+-------+-------+-------++-------
Melee: War axe           |   142 |   176 |    20 ||   338
Evoke: Wand              |       |     3 |       ||     3
  Use: Scroll            |     3 |     4 |       ||     7
       Potion            |       |    12 |       ||    12
  Eat: Chunk             |     1 |     6 |       ||     7
Armor: Scale mail        |    73 |    74 |    11 ||   158
       Skin              |       |     6 |       ||     6
Dodge: Dodged            |    45 |    68 |     9 ||   122
Block: Shield            |    72 |    96 |    10 ||   178
